 Dungeon Crawl Stone Soup version 0.28.0 (webtiles) character file.

Game seed: 3515972319035286449

97409 dolemite99 the Covert (level 15, 0/115 HPs)
             Began as a Demonspawn Earth Elementalist on Feb 5, 2022.
             Was an Elder of Vehumet.
             Slain by a ghost moth (5 damage)
             ... on level 1 of the Spider Nest.
             The game lasted 01:19:54 (46096 turns).

dolemite99 the Covert (DsEE)                       Turns: 46096, Time: 01:19:55

Health: 0/115      AC: 22    Str:  9      XL:     15   Next: 72%
Magic:  0/25       EV: 12    Int: 20 (22) God:    Vehumet [****..]
Gold:   1265       SH:  0    Dex:  7 (14) Spells: 3/27 levels left

rFire   . . .      SeeInvis .   P - +4 trident (freeze)
rCold   . . .      Faith    .   (no shield)
rNeg    + . .      Spirit   .   Q - +0 acid dragon scales
rPois   +          Reflect  .   (no helmet)
rElec   .          Harm     .   t - +2 ratskin cloak {*Rats rPois rN+ Str-1 Int-1 Dex+1}
rCorr   +          Rampage  .   F - +2 pair of gloves
Will    +....                   (boots unavailable)
Stlth   ++++......              (no amulet)
HPRegen 0.29/turn               e - +4 ring of protection {=R}
MPRegen 0.19/turn               y - +4 ring of protection

@: mighty, studying Stealth
A: hooves 3, molten scales 1, powered by death 3, spiny 1
a: Renounce Religion


You were on level 1 of the Spider Nest.
You worshipped Vehumet.
Vehumet was greatly pleased with you.
You visited 4 branches of the dungeon, and saw 24 of its levels.
You visited the Abyss 1 time.

You collected 2395 gold pieces.
You spent 1130 gold pieces at shops.

Inventory:

Hand Weapons
 a - a +9 hunting sling of flaming
 o - a +1 vorpal rapier
 A - a +4 trident of pain
 N - a +5 vampiric hand axe
 P - a +4 trident of freezing (weapon)
Missiles
 c - 458 stones
 f - 4 javelins
 n - 37 poisoned darts
 v - 40 boomerangs
 x - 5 throwing nets
 X - 50 sling bullets
Armour
 m - a +2 kite shield
 t - the +2 ratskin cloak (worn) {*Rats rPois rN+ Str-1 Int-1 Dex+1}
   (You found it on level 3 of the Dungeon)

   When the wearer is hurt, rats may emerge from it to assist them.
   Str:       It affects your strength (-1).
   Int:       It affects your intelligence (-1).
   Dex:       It affects your dexterity (+1).
   rPois:     It protects you from poison.
   rN:        It protects you from negative energy.
 F - a +2 pair of gloves (worn)
 Q - +0 acid dragon scales (worn)
Magical Staves
 b - a staff of earth
 M - a staff of cold
Jewellery
 e - a +4 ring of protection (left hand) {=R}
 p - a ring of resist corrosion
 q - a ring of positive energy
 y - a +4 ring of protection (right hand)
 z - a ring of protection from fire
 E - a ring of magical power
Wands
 g - a wand of charming (3)
 i - a wand of mindburst (3)
 s - a wand of flame (33) (quivered)
 w - a wand of polymorph (12)
Scrolls
 d - a scroll of enchant weapon
 L - a scroll of vulnerability
 W - 2 scrolls of fog
Potions
 h - 2 potions of ambrosia
 l - 4 potions of might
 r - 2 potions of attraction
 u - a potion of brilliance
 D - 4 potions of cancellation
 G - 3 potions of mutation
 H - 5 potions of berserk rage
 I - 2 potions of flight {unknown}
 S - a potion of magic {unknown}
 Y - 3 potions of lignification {unknown}
Miscellaneous
 V - a condenser vane (inert)


   Skills:
 - Level 10.1 Fighting
 - Level 4.5 Slings
 - Level 8.1 Dodging
 + Level 12.8 Stealth
 - Level 6.7 Spellcasting
 - Level 12.1 Conjurations
 - Level 0.8 Transmutations
 - Level 6.0 Ice Magic
 - Level 7.2 Air Magic
 - Level 10.1 Earth Magic
 - Level 9.6 Poison Magic
 - Level 5.7 Evocations


You had 3 spell levels left.
You knew the following spells:

 Your Spells              Type           Power      Damage    Failure   Level
a - Iron Shot             Conj/Erth      25%        9d5       7%          6
b - Stone Arrow           Conj/Erth      100%       3d13      1%          3
c - Poisonous Vapours     Pois/Air       80%        N/A       1%          2
d - Frozen Ramparts       Ice            60%        1d8       1%          3
e - Olgreb's Toxic Radia  Pois           45%        N/A       1%          4
f - Petrify               Tmut/Erth      28%        N/A       17%         4
g - Static Discharge      Conj/Air       45%        N/A       1%          2

Your spell library contained the following spells:

 Spells                   Type           Power      Damage    Failure   Level
 Freezing Cloud           Conj/Ice/Air   20%        6-21      4%          5
 Sandblast                Erth           94%        2d19      1%          1
 Shock                    Conj/Air       100%       1d9       1%          1
 Conjure Flame            Conj/Fire      30%        6-21      1%          3
 Passwall                 Tmut/Erth      23%        N/A       2%          2
 Swiftness                Air            35%        N/A       2%          3
 Ignite Poison            Fire/Tmut/Pois 20%        N/A       3%          3
 Spider Form              Tmut/Pois      27%        N/A       5%          3
 Ensorcelled Hibernation  Hex/Ice        36%        N/A       7%          2
 Beastly Appendage        Tmut           20%        N/A       12%         1
 Wereblood                Tmut           10%        N/A       17%         2
 Sublimation of Blood     Necr           6%         N/A       24%         2
 Iskenderun's Battlesphe  Conj           53%        2d10      1%          5
 Airstrike                Air            17%        N/A       2%          4
 Sticky Flame             Conj/Fire      30%        2d5       4%          4
 Irradiate                Conj/Tmut      16%        3d18      9%          5
 Fireball                 Conj/Fire      15%        3d8       11%         5
 Conjure Ball Lightning   Conj/Air       22%        3x3d6     13%         6
 Orb of Destruction       Conj           26%        9d9       24%         7
 Ice Form                 Ice/Tmut       20%        N/A       36%         4
 Summon Ice Beast         Ice/Summ       18%        N/A       43%         4
 Eringya's Noxious Bog    Tmut/Pois      13%        N/A       54%         6
 Silence                  Hex/Air        10%        N/A       71%         5
 Passage of Golubria      Tloc           6%         N/A       85%         4
 Lehudib's Crystal Spear  Conj/Erth      25%        10d7      93%         8
 Summon Forest            Summ/Tloc      3%         N/A       99%         5
 Summon Hydra             Summ           3%         N/A       100%        7


Dungeon Overview and Level Annotations

Branches:
Dungeon (15/15)            Temple (0/1) D:7            Lair (6/6) D:9
 Shoals (0/4) Lair:2       Spider (1/4) Lair:2        Slime (0/5) Lair:6
    Orc (2/2) D:9             Elf (0/3) Orc:2
 Vaults: D:13-14     Depths: D:15

Altars:
Ashenzari
Gozag
Hepliaklqana
Kikubaaqudgha
Okawaru
Ru
Sif Muna
Trog
Vehumet
Xom
Zin
Beogh
Jiyva

Shops:
D:11 *   Orc:2 :[!=

Annotations:
D:3 2 transporters
D:8 exclusion: downstairs
D:12 3 runed translucent doors
D:14 Agnes; Rupert
D:15 3 runed translucent doors, Uwkoecio's ghost, journeyman HOFi
Lair:4 1 runed translucent door, dolemite99's ghost, journeyman MiFi
Lair:5 exclusion: downstairs
Lair:6 1 runed translucent door


Innate Abilities, Weirdness & Mutations

You have hooves in place of feet.
You are partially covered in molten scales. (AC +2)
You regenerate a lot of health from kills.
You are partially covered in sharp spines.


Message History

You feel your power leaking away. Something hits you!
* * * LOW HITPOINT WARNING * * *
Something hits you but does no damage.
Something stings you but does no damage.
You closely miss something. You kick something.
You feel you are being watched by something.
Something hits you.
* * * LOW HITPOINT WARNING * * *
Something hits you but does no damage. Something stings you.
* * * LOW HITPOINT WARNING * * *
You feel you are being watched by something.
Something hits you but does no damage. x2; Something stings you.
* * * LOW HITPOINT WARNING * * *
You feel clumsy.
You swap places.
You feel you are being watched by something.
Something hits your river rat!!
Your river rat dies!
Okay, then.
Okay, then.
You are caught in the web!
There is a web here.
You struggle to detach yourself from the web.
You feel you are being watched by something.
Something hits your river rat but does no damage.
Something hits your river rat!
Your river rat dies!
You struggle to detach yourself from the web.
You feel you are being watched by something.
You feel your power leaking away.
You struggle to detach yourself from the web.
You feel you are being watched by something.
Something hits you but does no damage. Something hits you!
* * * LOW HITPOINT WARNING * * *
Something stings you but does no damage.
You disentangle yourself.
You feel you are being watched by something.
Something hits you.
You die...

#^.......###....#..#
###......#.###..#...
#####.######...#...#≈##.
##.#.#....#^....#...#^#..
#.........##....#...#..^#
##.........#...#.....#.... ##*
#≈######..#≈###≈..........
***#≈###.##...≈#..#...#####....##
*≈≈#≈..#..#....#@{#§....#........
≈≈≈≈...^.(##...#rr§###..##...#..#
*≈≈≈..^...#....(.§§§§......#.≈..)
*###≈###^.....(.§§§§§......####..
#≈≈.(((...##.§§§.§#...#....#..#
#≈≈#.((...≈..##§§##..##...##..{
##≈....#######...#.^.#.>#..##..
##...##....#..#.#...#.##...≈#.
#.#.#........###..#≈≈#.....#≈


You could see 2 friendly hell rats.

Vanquished Creatures
  An emperor scorpion (Lair:2)
  2 orc warlords
  An entropy weaver (Spider:1)
  Snorg (Orc:1)
  4 hydras
  A catoblepas (Lair:6)
  Harold (D:8)
  A boulder beetle (Lair:6)
  2 centaur warriors
  2 vault guards (D:14)
  An ogre mage (D:14)
  4 two-headed ogres
  2 tengu warriors (D:15)
  4 death yaks (Lair:5)
  A shock serpent (shapeshifter) (D:12)
  6 orc high priests
  A deep elf knight (Orc:1)
  2 orb spiders
  2 wolf spiders (Spider:1)
  10 orc knights
  2 lindwurms (Lair:6)
  7 wizards (D:12)
  3 orc sorcerers
  A deep elf zephyrmancer (Orc:1)
  A cyclops (D:13)
  7 deep elf pyromancers
  7 ugly things
  Joseph (D:8)
  A moth of wrath (Spider:1)
  7 elephants (Lair:6)
  4 black mambas
  3 guardian serpents
  A gargoyle (D:14)
  5 torpor snails
  9 cane toads
  Maggie (D:8)
  A kobold demonologist (D:9)
  3 rime drakes
  13 komodo dragons
  A demonic crawler (Spider:1)
  2 merfolk (Lair:2)
  9 meliai
  6 trolls
  7 tarantellas (Spider:1)
  3 tyrant leeches (Lair:6)
  2 polar bears (Lair:6)
  A troll (shapeshifter) (D:12)
  6 slime creatures
  8 hornets (Lair:6)
  3 blink frogs (Lair:6)
  8 dream sheep (Lair:4)
  A centaur simulacrum (D:14)
  A jumping spider (shapeshifter) (D:15)
  7 culicivoras (Spider:1)
  9 jumping spiders (Spider:1)
  A wraith (D:13)
  5 wyverns
  A culicivora (shapeshifter) (D:13)
  A human (D:14)
  6 basilisks
  40 yaks
  4 steam dragons
  13 redbacks (Spider:1)
  Edmund (D:5)
  4 vampire mosquitoes
  2 wargs
  17 water moccasins
  3 acid dragons
  47 orc warriors
  4 black bears
  A sky beast (D:5)
  10 ogres
  16 wolves
  5 boggarts (D:12)
  2 necrophages
  9 centaurs
  2 phantoms
  A kobold brigand (D:9)
  5 gnoll sergeants
  13 bullfrogs
  3 scorpions
  A wyvern zombie (D:4)
  7 killer bees
  7 wights
  3 electric eels
  4 centaur zombies
  2 bullfrog zombies (D:5)
  3 bullfrog skeletons
  30 orc priests
  4 hounds
  8 jellies
  A gnoll shaman (Orc:2)
  2 iguanas
  25 orc wizards
  4 hell rats (Lair:3)
  2 killer bee zombies
  4 howler monkey zombies
  25 gnolls
  A howler monkey skeleton (D:6)
  8 adders
  A white imp (D:6)
  An ufetubus (D:4)
  An adder skeleton (D:5)
  2 worms
  A dart slug (D:1)
  73 orcs
  10 bats
  9 endoplasms
  2 giant cockroaches (D:4)
  6 goblins
  9 hobgoblins
  8 jackals
  15 kobolds
  2 quokkas
  6 ball pythons
  4 frilled lizards
  4 rats
711 creatures vanquished.

Vanquished Creatures (collateral kills)
  A broodmother (Spider:1)
  A manticore (D:14)
  2 merfolk (Lair:2)
  A slime creature (D:12)
  2 yaks (Lair:2)
  A vampire mosquito (D:14)
  A warg (Orc:1)
  A water moccasin (D:9)
  An orc warrior (Orc:1)
  An ogre (Orc:1)
  An electric eel (Spider:1)
  2 orcs (Orc:1)
15 creatures vanquished.

Vanquished Creatures (others)
  A black mamba (Lair:6)
  A water moccasin (Lair:6)
  69 fungi
  91 plants
162 creatures vanquished.

Grand Total: 888 creatures vanquished

Notes
Turn   | Place    | Note
-------+----------+-------------------------------------------
     0 | D:1      | dolemite99 the Demonspawn Earth Elementalist began the
                  | quest for the Orb.
     0 | D:1      | Reached XP level 1. HP: 13/13 MP: 3/3
   717 | D:1      | Gained mutation: You have large cloven feet. [demonic
                  | ancestry]
   717 | D:1      | Reached XP level 2. HP: 19/19 MP: 3/5
  1807 | D:2      | Gained mutation: You are partially covered in sharp spines.
                  | [demonic ancestry]
  1807 | D:2      | Reached XP level 3. HP: 24/24 MP: 2/6
  2854 | D:3      | You fall into a shaft and drop 2 floors!
  2854 | D:5      | Entered Level 5 of the Dungeon
  2854 | D:5      | Noticed Edmund
  2860 | D:5      | Reached XP level 4. HP: 30/30 MP: 4/7
  2869 | D:5      | Killed Edmund
  2870 | D:5      | Reached skill level 5 in Earth Magic
  2870 | D:5      | Reached XP level 5. HP: 35/35 MP: 1/8
  3153 | D:5      | Reached XP level 6. HP: 18/41 MP: 2/9
  3635 | D:5      | Noticed a water moccasin
  3644 | D:5      | Killed a water moccasin
  3858 | D:5      | Noticed a yak
  3858 | D:5      | Noticed a yak
  3858 | D:5      | Noticed a yak
  3858 | D:5      | Noticed a yak
  3858 | D:5      | Noticed a yak
  4461 | D:3      | Found an ancient bone altar of Kikubaaqudgha.
  4488 | D:3      | Found a radiant altar of Vehumet.
  4502 | D:3      | Became a worshipper of Vehumet
  4592 | D:3      | Reached XP level 7. HP: 43/46 MP: 5/10
  4675 | D:3      | Learned a level 3 spell: Stone Arrow
  4696 | D:3      | Found a transporter.
  4716 | D:3      | Found a transporter.
  4768 | D:3      | Found the +2 ratskin cloak {*Rats rPois rN+ Str-1 Int-1
                  | Dex+1}
  5231 | D:4      | Reached skill level 1 in Conjurations
  5357 | D:4      | Found an opulent altar of Gozag.
  5542 | D:4      | Reached * piety under Vehumet
  5542 | D:4      | Offered knowledge of Freeze by Vehumet.
  6050 | D:5      | Gained mutation: You have hoof-like feet. [demonic
                  | ancestry]
  6050 | D:5      | Reached XP level 8. HP: 49/52 MP: 11/13
  6063 | D:5      | Learned a level 4 spell: Petrify
  6202 | D:5      | Reached skill level 1 in Fighting
  6777 | D:5      | Reached skill level 5 in Dodging
  6804 | D:5      | Gained mutation: You are partially covered in molten
                  | scales. (AC +2) [demonic ancestry]
  6804 | D:5      | Reached XP level 9. HP: 59/62 MP: 3/14
  7838 | D:6      | Learned a level 3 spell: Frozen Ramparts
  8009 | D:6      | Reached skill level 1 in Ice Magic
  8105 | D:6      | Reached ** piety under Vehumet
  8256 | D:6      | Found a sacrificial altar of Ru.
  8687 | D:7      | Offered knowledge of Poisonous Vapours by Vehumet.
  8692 | D:7      | Learned a level 2 spell: Poisonous Vapours
  8882 | D:7      | Reached skill level 1 in Poison Magic
  8906 | D:7      | Noticed a four-headed hydra
  9168 | D:7      | Found a staircase to the Ecumenical Temple.
  9447 | D:8      | Reached skill level 1 in Air Magic
  9490 | D:8      | Noticed Harold
  9501 | D:8      | Killed Harold
  9502 | D:8      | Reached XP level 10. HP: 41/68 MP: 15/15
  9692 | D:8      | Found a bloodstained altar of Trog.
  9708 | D:8      | Offered knowledge of Static Discharge by Vehumet.
  9721 | D:8      | Learned a level 2 spell: Static Discharge
  9832 | D:8      | Noticed Joseph
  9878 | D:8      | HP: 3/68 [Joseph/sling bullet (20)]
 10099 | D:8      | Noticed Maggie
 10109 | D:8      | Killed Maggie
 10110 | D:8      | Reached skill level 5 in Air Magic
 10203 | D:8      | Killed Joseph
 10621 | D:8      | Noticed a two-headed ogre
 10643 | D:8      | Killed a two-headed ogre
 10875 | D:8      | Found an iron altar of Okawaru.
 10926 | D:8      | Found a shimmering altar of Xom.
 11041 | D:8      | Reached *** piety under Vehumet
 11303 | D:9      | Reached skill level 5 in Poison Magic
 11493 | D:8      | Reached skill level 5 in Ice Magic
 12097 | D:9      | Found a staircase to the Lair.
 12370 | D:9      | Gained mutation: You regenerate a little health from kills.
                  | [demonic ancestry]
 12370 | D:9      | Reached XP level 11. HP: 74/74 MP: 16/16
 12413 | D:9      | Found a shimmering blue altar of Sif Muna.
 12508 | D:9      | Offered knowledge of Olgreb's Toxic Radiance by Vehumet.
 12618 | D:9      | Found a broken altar of Ashenzari.
 12970 | D:9      | Found a staircase to the Orcish Mines.
 13282 | D:9      | Identified a scroll of acquirement
 13282 | D:9      | Acquired a staff of cold
 13350 | D:9      | Learned a level 4 spell: Olgreb's Toxic Radiance
 13377 | Lair:1   | Entered Level 1 of the Lair of Beasts
 14206 | Lair:1   | Reached **** piety under Vehumet
 14976 | Lair:2   | Noticed a five-headed hydra
 14994 | Lair:2   | Killed a five-headed hydra
 15134 | Lair:2   | Reached skill level 5 in Fighting
 15376 | Lair:2   | Offered knowledge of Inner Flame by Vehumet.
 15394 | Lair:2   | Identified the +5 trident of Zainanoynk {speed, *Rage rN+
                  | Str+4 Dex+3}
 15580 | Lair:2   | Found a hole to the Spider Nest.
 15580 | Lair:2   | Noticed an orb spider
 15585 | Lair:2   | Killed an orb spider
 15836 | Lair:2   | Gained mutation: You regenerate health from kills. [demonic
                  | ancestry]
 15836 | Lair:2   | Reached XP level 12. HP: 66/89 MP: 18/18
 16154 | Lair:2   | Found a staircase to the Shoals.
 17451 | Lair:3   | Reached skill level 1 in Slings
 17959 | Lair:4   | Reached ***** piety under Vehumet
 18046 | Lair:4   | Offered knowledge of Lightning Bolt by Vehumet.
 18365 | Lair:4   | Noticed an eight-headed hydra
 18370 | Lair:4   | Killed an eight-headed hydra
 18371 | Lair:4   | Reached skill level 1 in Evocations
 19530 | Lair:4   | Found a runed translucent door.
 19533 | Lair:4   | Noticed dolemite99's ghost (journeyman MiFi)
 20413 | Lair:5   | Noticed a death yak
 20417 | Lair:5   | Noticed a death yak
 20419 | Lair:5   | Noticed a death yak
 20420 | Lair:5   | Killed a death yak
 20420 | Lair:5   | Noticed a death yak
 20446 | Lair:5   | Killed a death yak
 20448 | Lair:5   | Killed a death yak
 20462 | Lair:5   | Killed a death yak
 20858 | Lair:5   | Gained mutation: You have hooves in place of feet. [demonic
                  | ancestry]
 20858 | Lair:5   | Reached XP level 13. HP: 92/99 MP: 19/19
 21196 | Lair:6   | Entered Level 6 of the Lair of Beasts
 22232 | Lair:6   | Reached skill level 5 in Stealth
 23184 | Lair:6   | Found a runed translucent door.
 23711 | Lair:6   | Found a staircase to the Slime Pits.
 23955 | Lair:6   | Reached skill level 5 in Spellcasting
 24792 | Lair:6   | Offered knowledge of Iron Shot by Vehumet.
 25049 | Lair:6   | Learned a level 6 spell: Iron Shot
 25197 | Orc:1    | Entered Level 1 of the Orcish Mines
 25217 | Orc:1    | Noticed an orc warlord
 25241 | D:10     | Entered Level 10 of the Dungeon
 25514 | D:10     | Found a viscous altar of Jiyva.
 25685 | D:10     | Found a hazy altar of Hepliaklqana.
 25693 | D:10     | Reached skill level 5 in Conjurations
 26458 | D:11     | Gained mutation: You regenerate a lot of health from kills.
                  | [demonic ancestry]
 26458 | D:11     | Reached XP level 14. HP: 108/108 MP: 23/23
 26590 | D:11     | Acquired a ring of protection from fire
 26621 | D:11     | Found Yxuh's Assorted Antiques.
 28467 | D:12     | Found a runed translucent gate.
 28467 | D:12     | Found a runed translucent gate.
 28467 | D:12     | Found a runed translucent gate.
 28621 | D:12     | Found Zin's Purification Station.
 28627 | D:12     | Bought a potion of curing for 90 gold pieces
 28983 | D:12     | Cast into level 2 of the Abyss (a wizard)
 29026 | D:12     | Escaped the Abyss
 30306 | D:13     | Offered knowledge of Yara's Violent Unravelling by Vehumet.
 30665 | D:14     | Paralysed by an orc sorcerer for 3 turns
 31085 | D:14     | Noticed Rupert
 31923 | D:14     | Noticed Agnes
 31933 | D:15     | Entered Level 15 of the Dungeon
 31940 | D:15     | Reached skill level 5 in Evocations
 32780 | D:15     | Reached skill level 10 in Fighting
 32940 | D:15     | Noticed Uwkoecio's ghost (journeyman HOFi)
 32941 | D:15     | Found a runed translucent gate.
 32943 | D:15     | Found a runed translucent gate.
 32944 | D:15     | Found a runed translucent gate.
 34464 | D:9      | Killed an orc warlord
 35002 | D:14     | HP: 2/110 [something/bolt of magma (31)]
 35758 | Orc:1    | Reached skill level 10 in Conjurations
 36839 | Orc:1    | Identified the +5 scimitar "Goblin's Death Toll" {holy, Fly
                  | rC+}
 36949 | Orc:1    | Noticed an orc warlord
 36964 | Orc:1    | Reached XP level 15. HP: 115/115 MP: 9/25
 37001 | Orc:1    | Killed an orc warlord
 37496 | Orc:1    | Noticed Snorg
 37500 | Orc:1    | Killed Snorg
 37886 | Orc:1    | Paralysed by an orc sorcerer for 4 turns
 37980 | Orc:2    | Entered Level 2 of the Orcish Mines
 37980 | Orc:2    | Found a staircase to the Elven Halls.
 38377 | Orc:2    | Found Icsofone's Self-Improvement Boutique.
 38611 | Orc:2    | Offered knowledge of Ozocubu's Refrigeration by Vehumet.
 39375 | Orc:2    | Reached skill level 10 in Earth Magic
 40996 | Orc:2    | Offered knowledge of Freezing Cloud by Vehumet.
 42011 | Orc:2    | Found Daess's Armour Shop.
 42011 | Orc:2    | Found Riral's Distillery.
 42012 | Orc:2    | Found Riogoc's Jewellery Shop.
 42012 | Orc:2    | Found Tevuf's Distillery.
 42477 | Orc:2    | Bought a manual of Stealth for 1040 gold pieces
 43296 | Spider:1 | Entered Level 1 of the Spider Nest
 43300 | Spider:1 | Noticed an emperor scorpion
 43315 | Lair:2   | Killed an emperor scorpion
 44353 | Spider:1 | Reached skill level 10 in Stealth
 46095 | Spider:1 | HP: 5/115 [something (11)]
 46096 | Spider:1 | Slain by a ghost moth

Illustrated notes

Levels and vault maps discovered:
D:1:      dpeg_arrival_another_circle, layout_loops_corners,
          minmay_misc_feat_hallway, minmay_pentomino_z2
D:2:      layout_basic, minmay_fractal_squares_5
D:3:      gammafunk_wand_slinger, layout_basic, vehumet_altar_wand_db,
          lemuel_tele_altar
D:4:      layout_basic, mainiacjoe_overflow_tiny_flanked, grunt_decor_clamped
D:5:      layout_cave_pods, grunt_decor_junction,
          chequers_serial_rivers_large_a, st_stairs_3, uniq_edmund
D:6:      layout_loops_ring, mainiacjoe_overflow_alcove_2,
          kennysheep_small_circle
D:7:      layout_cave_pools, minmay_temple_entry_proselytizer, item_on_display_a
D:8:      layout_loops_ring, mainiacjoe_overflow_alcove_1, trog_hazing_becter,
          mainiacjoe_overflow_catwalk, uniq_joseph, uniq_harold, uniq_maggie
D:9:      layout_roguey, mainiacjoe_overflow_catch_the_wave,
          due_lair_maze_entry_diamond, orc_0_dummy
D:10:     layout_irregular_city, mainiacjoe_overflow_alcove_4, jiyva_altar_1
D:11:     nzn_winding_woodlands_large [nzn_winding_woodlands_5x5_checkerboard,
          nzn_winding_woodlands_5x15_concentric,
          nzn_winding_woodlands_5x5_closed_star,
          nzn_winding_woodlands_center_lodge,
          nzn_winding_woodlands_15x15_boxy_spiral,
          nzn_winding_woodlands_center_diamonds,
          nzn_winding_woodlands_5x5_perimeter, nzn_winding_woodlands_5x15_cabin,
          nzn_winding_woodlands_5x5_open_star], layout_rooms, serial_shops,
          nicolae_shop_advertising_works [nicolae_subvault_shop_adworks]
D:12:     minmay_wizard_corner, layout_cross,
          ploomutoo_gammafunk_ghost_potion_laboratory, zin_purify
D:13:     nrook_guardian_serpent_snake_passage, layout_loops_ring
D:14:     layout_loops_cross, grunt_vaults_entry_fortified,
          eino_small_chamber_without_monster, chequers_mini_garden, uniq_rupert,
          uniq_agnes
D:15:     grunt_enter_depths_hoard, layout_basic, gammafunk_ghost_hydra_chop,
          nicolae_sextant
Lair:1:   layout_regular_city, serial_bayou_shore_a
Lair:2:   layout_long_grid, elwin_shoals_entry_stream,
          nicolae_spider_entry_orb_guardian, disabler_island
Lair:3:   layout_long_grid, chequers_serial_rivers_large_b
Lair:4:   layout_regular_city, hellmonk_ghost_happy_afterlife, st_stairs_9
Lair:5:   layout_cave_pods
Lair:6:   wormcave, layout_hall_layers, nicolae_slime_entry_slimehenge,
          portal_ice_cave_entry_pillars_2, nicolae_lair_grove_arrangements,
          serial_bayou_shore_b, grunt_megastairs_2
Spider:1: layout_spider_delve
Orc:1:    layout_diamond_mine, basic_altar, elf_legates, uniq_snorg
Orc:2:    st_orc_pillars, layout_diamond_mine, nicolae_shop_self_help

Skill      XL: |  1  2  3  4  5  6  7  8  9 10 11 12 13 14 15 |
---------------+----------------------------------------------+-----
Earth Magic    | 3 4 5 6 7 9 10 | 10.1
Spellcasting   | 3 4 6 |  6.7
Conjurations   | 4 5 10 12 | 12.1
Fighting       | 2 6 8 9 10 | 10.1
Dodging        | 6 7 8 |  8.1
Ice Magic      | 4 5 6 |  6.0
Poison Magic   | 4 6 8 9 |  9.6
Air Magic      | 3 7 |  7.2
Slings         | 4 |  4.5
Evocations     | 4 5 |  5.7
Stealth        | 8 12 | 12.8
Transmutations | |  0.8

Action                   |  1- 3 |  4- 6 |  7- 9 | 10-12 | 13-15 || total
-------------------------+-------+-------+-------+-------+-------++-------
Melee: Dagger            |     5 |       |       |       |       ||     5
       Kick              |     1 |     4 |     2 |     5 |    13 ||    25
       Rapier            |       |    13 |    11 |       |       ||    24
       Unarmed           |       |       |       |     8 |       ||     8
       Hand axe          |       |       |       |     1 |    16 ||    17
       Hunting sling     |       |       |       |     1 |       ||     1
       Staff             |       |       |       |     4 |     6 ||    10
       Punch             |       |       |       |     1 |       ||     1
       Trident           |       |       |       |       |     8 ||     8
 Fire: Hunting sling     |       |       |       |   189 |   542 ||   731
 Cast: Sandblast         |    50 |    41 |   160 |   212 |       ||   463
       Frozen Ramparts   |       |       |     2 |    14 |     9 ||    25
       Poisonous Vapours |       |       |       |    53 |   106 ||   159
       Static Discharge  |       |       |       |     8 |     2 ||    10
       Stone Arrow       |       |       |       |    34 |   234 ||   268
       Olgreb's Toxic Ra |       |       |       |    29 |   277 ||   306
       Iron Shot         |       |       |       |       |    16 ||    16
Evoke: Wand              |       |       |       |    22 |    48 ||    70
       Condenser vane    |       |       |       |     2 |     4 ||     6
  Use: Scroll            |     3 |     1 |     8 |    11 |    19 ||    42
       Potion            |       |     3 |       |     3 |    18 ||    24
 Stab: Sleeping          |       |     1 |       |       |       ||     1
Armor: Robe              |     3 |     7 |    17 |       |       ||    27
       Steam dragon scal |       |       |     6 |    14 |       ||    20
       Acid dragon scale |       |       |       |    82 |   314 ||   396
       Skin              |       |       |       |     1 |       ||     1
Dodge: Dodged            |    32 |    29 |    62 |   159 |   338 ||   620
